 Dungeon Crawl Stone Soup version 0.25-a0-346-g140ab784a8 (webtiles) character file.

Game seed: 6504111808014634334, levelgen mode: deterministic

56 Aggronaut the Sneak (level 3, 0/16 HPs)
             Began as a Spriggan Enchanter on Dec 31, 2019.
             Slain by a worm (11 damage)
             ... on level 2 of the Dungeon.
             The game lasted 00:06:29 (1903 turns).

Aggronaut the Sneak (Spriggan Enchanter)            Turns: 1903, Time: 00:06:30

Health: 0/16       AC:  2    Str:  5    XL:     3   Next: 69%
Magic:  8/8        EV: 18    Int: 16    God:
Gold:   40         SH:  0    Dex: 16    Spells: 6/7 levels left

rFire    . . .     SeeInvis +   a - +1 dagger
rCold    . . .     Gourm    .   (shield restricted)
rNeg     . . .     Faith    .   b - +0 robe
rPois    .         Spirit   .   (helmet restricted)
rElec    .         Reflect  .   (no cloak)
rCorr    .         Harm     .   (gloves unavailable)
MR       .....                  (boots unavailable)
Stlth    +++.......             (no amulet)
HPRegen  0.05/turn              (no ring)
MPRegen  0.11/turn              (no ring)

@: very quick
A: very small, unfitting armour, see invisible, herbivore, speed 3, slow
metabolism 2
a: no special abilities


You were on level 2 of the Dungeon.
You were not hungry.

You visited 1 branch of the dungeon, and saw 2 of its levels.

You collected 40 gold pieces.

Inventory:

Hand Weapons
 a - a +1 dagger (weapon)
 h - a +2 whip of venom
Missiles
 c - 2 poisoned darts (quivered)
Armour
 b - a +0 robe (worn)
Jewellery
 k - a cursed ring of protection from magic {unknown}
 s - a +2 ring of protection {unknown}
Scrolls
 e - a scroll of fog {unknown}
 f - 2 scrolls of enchant weapon {unknown}
 g - 2 scrolls of teleportation {unknown}
 j - 5 scrolls of identify {unknown}
 m - a scroll of amnesia {unknown}
 o - a scroll of random uselessness {unknown}
 p - a scroll of remove curse {unknown}
Potions
 i - a potion of haste {unknown}
 l - a potion of invisibility {unknown}
 n - a potion of magic {unknown}
 q - a potion of resistance {unknown}
 r - a potion of curing {unknown}
Comestibles
 d - 2 rations


   Skills:
 - Level 1.1 Short Blades
 * Level 1.4 Throwing
 - Level 3.0 Dodging
 + Level 5.1 Stealth
 - Level 2.9 Spellcasting
 * Level 4.7 Hexes


You had 6 spell levels left.
You knew the following spells:

 Your Spells              Type           Power        Failure   Level  Hunger
a - Corona                Hex            ###....      2%          1    #......

Your spell library contained the following spells:

 Spells                   Type           Power        Failure   Level  Hunger
 Confuse                  Hex            ###.....     9%          3    ###....
 Tukima's Dance           Hex            ###.....     9%          3    ###....
 Ensorcelled Hibernation  Hex/Ice        #.....       11%         2    ##.....
 Dazzling Flash           Conj/Hex       #.....       22%         3    ###....


Dungeon Overview and Level Annotations

Branches:
Dungeon (2/15)

Altars:


Innate Abilities, Weirdness & Mutations

You are very small and have problems with some larger weapons.
You are too small for most types of armour.
You have supernaturally acute eyesight. (SInv)
You are a herbivore.
You cover ground extremely quickly.
You need to consume almost no food.


Message History

Throwing (i - inventory)
c - 3 poisoned darts (quivered)
Press: ? - help, Shift-Dir - straight line, f/p - worm
Aim: a worm (severely wounded, very poisoned)
You throw a poisoned dart. The poisoned dart hits the ooze.
The ooze is moderately wounded.
A rat comes into view.
The ooze misses you.
You hit the ooze but do no damage.
The ooze is moderately wounded.
The ooze hits you.
You hit the ooze.
The ooze is heavily wounded.
The leopard gecko hisses menacingly.
The ooze completely misses you.
You hit the worm.
The worm is almost dead.
The worm closely misses you. The ooze closely misses you. The worm bites you!
Ouch! That really hurt!
You die...

..........##.#.. #
.................# ..
.....)..........# ###.
.............#.# ##...
...............###....
............####.....
#.[.......##...†...
##........#..#.....
#@.........###....
#Jwh....(....##...
#<(((.....(..#####
#.#...........##
#...l....(.....# #
.r............†###
................##.
....####..........#.
....# #............


You could see a worm, an ooze, a leopard gecko, a jackal and a rat.

Vanquished Creatures
  An ooze (D:1)
  A dart slug (D:1)
  5 giant cockroaches (D:1)
  6 goblins
  3 hobgoblins (D:1)
  11 jackals
  2 kobolds (D:1)
  A quokka (D:1)
  A ball python (D:1)
  3 bats
  3 frilled lizards (D:1)
  7 rats (D:1)
44 creatures vanquished.

Notes
Turn   | Place    | Note
-------+----------+-------------------------------------------
     0 | D:1      | Aggronaut the Spriggan Enchanter began the quest for the
                  | Orb.
     0 | D:1      | Reached XP level 1. HP: 9/9 MP: 5/5
   423 | D:1      | Reached XP level 2. HP: 13/13 MP: 6/6
  1194 | D:1      | Reached XP level 3. HP: 11/16 MP: 8/8
  1214 | D:1      | Reached skill level 1 in Throwing
  1214 | D:1      | Reached skill level 5 in Stealth
  1903 | D:2      | Slain by a worm

Levels and vault maps discovered:
D:1:      onia_arrival_larder, layout_rooms
D:2:      layout_rooms, lemuel_doored_altar

Skill      XL: |  1  2  3 |
---------------+----------+-----
Hexes          | 4 |  4.7
Throwing       | 1 |  1.4
Stealth        | 5 |  5.1
Short Blades   | |  1.1
Dodging        | |  3.0
Spellcasting   | |  2.9

Action                   || total
-------------------------++-------
Melee: Dagger            ||   145
Throw: Dart              ||    79
 Stab: Sleeping          ||    12
Armor: Robe              ||    22
Dodge: Dodged            ||   156

Table legend:
 A = Non-vault XP
 B = Vault XP
 C = Vault XP percentage of total XP
 D = Non-vault monster count
 E = Vault monster count
 F = Vault count percentage of total count
                 A         B        C        D         E       F
            +---------+---------+-------+---------+---------+-------
      Total |      68 |      12 |  15.0 |      36 |       8 |  18.2
            +---------+---------+-------+---------+---------+-------
        D:1 |      59 |      12 |  16.9 |      31 |       8 |  20.5
        D:2 |       9 |       0 |   0.0 |       5 |       0 |   0.0
            +---------+---------+-------+---------+---------+-------
